 Dungeon Crawl Stone Soup version 0.18.1-50-g88ac8fd (webtiles) character file.

9 ololoev the Digger (level 2, -2/15 HPs)
             Began as a Deep Elf Earth Elementalist on Nov 24, 2016.
             Slain by magog001's ghost (10 damage)
             ... on level 3 of the Dungeon.
             The game lasted 00:00:47 (91 turns).

ololoev the Digger (Deep Elf Earth Elementalist)      Turns: 91, Time: 00:00:47

Health: -2/15      AC:  2    Str:  5    XL:     2   Next: 3%
Magic:  1/8        EV:  8    Int: 19    God:
Gold:   0          SH:  0    Dex: 15    Spells: 1 memorised, 7 levels left

rFire  . . .     SeeInvis .     b - 31 stones
rCold  . . .     Gourm    .     a - +0 robe
rNeg   . . .     Faith    .     (no shield)
rPois  .         Spirit   .     (no helmet)
rElec  .         Dismiss  .     (no cloak)
rCorr  .         Reflect  .     (no gloves)
SustAt .         Harm     .     (no boots)
MR     .....                    (no amulet)
Stlth  ++........               (no ring)
                                (no ring)

@: not resistant to hostile enchantments, unstealthy
A: no striking features
a: no special abilities

Inventory:

Missiles
 b - 31 stones (in hand)
Armour
 a - a +0 robe (worn)
Potions
 e - a potion of degeneration {unknown}
Books
 c - a book of Geomancy

   Spells                             Type                      Level
   a - Sandblast                      Earth                        1
   b - Passwall                       Transmutation/Earth          2
   c - Stone Arrow                    Conjuration/Earth            3
   d - Petrify                        Transmutation/Earth          4
   e - Lee's Rapid Deconstruction     Earth                        5
Comestibles
 d - a bread ration


   Skills:
 - Level 2.4 Dodging
 - Level 2.4 Stealth
 + Level 3.5 Spellcasting
   Level 1.1 Transmutations
 + Level 3.6 Earth Magic


You had 7 spell levels left.
You knew the following spells:

 Your Spells              Type           Power        Failure   Level  Hunger
a - Sandblast             Erth           ###...       3%          1    None


You were on level 3 of the Dungeon.
You were not hungry.

You visited 1 branch of the dungeon, and saw 3 of its levels.

#.# #.# #.# #.#
# #.# #####..
#.# ......# #.#
......#
####@####......#
#....W..'.......
#########.$....#
....... .......
.####.. .# . .#
.#

Notes
Turn   | Place    | Note
--------------------------------------------------------------
     0 | D:1      | ololoev the Deep Elf Earth Elementalist began the quest for the Orb.
     0 | D:1      | Reached XP level 1. HP: 10/10 MP: 6/6
    39 | D:2      | Found an ancient bone altar of Kikubaaqudgha.
    80 | D:3      | Noticed magog001's ghost (amateur FoHu)
    86 | D:3      | Reached XP level 2. HP: 15/15 MP: 4/8
    91 | D:3      | Slain by magog001's ghost

Dungeon Overview and Level Annotations

Branches:
Dungeon (3/15)

Altars:
Kikubaaqudgha

Annotations:
D:3 magog001's ghost, amateur FoHu


Message History

Welcome, ololoev the Deep Elf Earth Elementalist.
It is said that the Orb of Zot exists deep within this dungeon, but nobody has ever found it.
Press ? for a list of commands and other information.
Found an orange potion.
Found a staircase leading out of the dungeon.
e - an orange potion You open the door.
There is an open door here.
Found a stone staircase leading down.
There is a stone staircase leading down here.
You climb downwards.
There is a stone staircase leading up here.
Found 16 stones.
Found an ancient bone altar of Kikubaaqudgha.
b - 36 stones (gained 16)
Found 5 needles of sleeping.
Found a stone staircase leading down.
Found a stone staircase leading up.
There is a stone staircase leading up here.
You climb upwards.
There is a stone staircase leading down here.
You climb downwards.
There is a stone staircase leading up here.
There is a stone staircase leading down here.
You climb downwards.
There is a stone staircase leading up here.
You open the door.
An adder comes into view.
Found 14 gold pieces.
b - 36 stones (in hand) Magog001's ghost (amateur Formicid Hunter) comes into view.
There is an open door here.
Press: ? - help, v - describe, . - travel
Here: magog001's ghost (hasn't noticed you)
The floor.
Casting: Sandblast
Confirm with . or Enter, or press ? or * to list all spells.
Aiming: Sandblast
Press: ? - help, Shift-Dir - straight line, f - adder
Aim: an adder The rocky blast hits the adder.
The adder is heavily wounded.
Casting: Sandblast
Confirm with . or Enter, or press ? or * to list all spells.
Aiming: Sandblast
Press: ? - help, Shift-Dir - straight line, f/p - adder
Aim: an adder (heavily wounded)
The rocky blast hits the adder.
You kill the adder!
You have reached level 2!
No previous command to re-do.
Casting: Sandblast
Confirm with . or Enter, or press ? or * to list all spells.
Aiming: Sandblast
Press: ? - help, Shift-Dir - straight line, f - magog001's ghost
Aim: magog001's ghost The rocky blast hits magog001's ghost.
Magog001's ghost is lightly damaged.
Casting: Sandblast
Confirm with . or Enter, or press ? or * to list all spells.
Aiming: Sandblast
Press: ? - help, Shift-Dir - straight line, f/p - magog001's ghost
Aim: magog001's ghost (lightly damaged)
The rocky blast misses magog001's ghost.
Casting: Sandblast
Confirm with . or Enter, or press ? or * to list all spells.
Aiming: Sandblast
Press: ? - help, Shift-Dir - straight line, f/p - magog001's ghost
Aim: magog001's ghost (lightly damaged)
The rocky blast misses magog001's ghost.
Magog001's ghost hits you!
There is a stone staircase leading up here.
Magog001's ghost hits you!
Ouch! That really hurt!
You die...

You could see magog001's ghost.

Vanquished Creatures
  An adder (D:3)
1 creature vanquished.

Action                   || total
-------------------------++-------
 Cast: Sandblast         ||     5

Vault maps used:
D:1:      saegor_arrival_simple_d
D:2:      kiku_gazebo_pond_becter, kennysheep_big_empty_room,
          hangedman_decor_push, grunt_qazlal_sundering
D:3:      nicolae_overflow_crystal_walls, minitemple, minmay_crystal_water,
          bloody_trog, uniq_natasha
